 Dungeon Crawl Stone Soup version 0.30-a0-359-gd0147acb1a (webtiles) character file.

Game seed: 3701473947805353156

24 ytrimaz the Shield-Bearer (level 3, -10/29 HPs)
             Began as a Formicid Fighter on Nov 11, 2022.
             Mangled by a kobold
             ... wielding a +0 whip of electrocution
              (17 damage)
             ... on level 1 of the Dungeon.
             The game lasted 00:00:26 (229 turns).

ytrimaz the Shield-Bearer (Formicid Fighter)         Turns: 229, Time: 00:00:27

Health: -10/29     AC:  6    Str: 22    XL:     3   Next: 15%
Magic:  3/3        EV:  9    Int:  7    God:
Gold:   25         SH:  5    Dex: 13    Spells: 2/2 levels left

rFire   . . .      SeeInvis +    a - +0 war axe
rCold   . . .      Faith    .    c - +0 buckler
rNeg    . . .      Spirit   .    b - +0 scale mail
rPois   .          Reflect  .    (helmet unavailable)
rElec   .          Harm     .    (no cloak)
rCorr   .          Rampage  .    (no gloves)
Will    .....                    (no boots)
Stlth   ..........               (no amulet)
HPRegen 0.24/turn                (no ring)
MPRegen 0.08/turn                (no ring)

@: mighty
A: permanent stasis, dig shafts and tunnels, antennae 3, four strong arms
a: Dig, Shaft Self


You were on level 1 of the Dungeon.
You visited 1 branch of the dungeon, and saw 1 of its levels.

You collected 25 gold pieces.


Innate Abilities, Weirdness & Mutations

You cannot be hasted, slowed, berserked, paralysed or teleported.
You can dig through walls and to a lower floor.
You have a pair of large antennae on your head. (SInv)
Your four strong arms can wield two-handed weapons with a shield.


   Skills:
 - Level 3.2 Fighting
 + Level 3.4 Axes
 - Level 3.2 Armour
 - Level 4.0 Shields


You had 2 spell levels left.
You didn't know any spells.
Your spell library was empty.

Inventory:

Hand Weapons
 a - a +0 war axe (weapon)
Armour
 b - a +0 scale mail (worn)
 c - a +0 buckler (worn)
Scrolls
 f - a scroll of identify

Dungeon Overview and Level Annotations

Branches:
Dungeon (1/15) Zot: 5756

Altars:

....## .....#######..
.....##......# #
.....#.......# # .#
....†........+ #)#.+
.............# .#..#
...[.........## ...
..............###K###...
................@)......
.....#...........†##....
....?..†.............. .
..............#####.##
....>.........####....
..............#... ###
................#
...............##
................#


You could see a kobold.


Message History

You hit the kobold but do no damage. You completely miss the ball python.
The ball python bites you but does no damage.
The ball python grabs you. The ball python constricts you.
The kobold hits you but does no damage. The ball python barely misses you.
The ball python constricts you.
The kobold hits you with a +0 short sword. 😕 HP[-3]
You take 3 damage, and now have 21/24 hp.
You hit the kobold.
You hit the ball python but do no damage.
You block the ball python's attack. The ball python constricts you.
The kobold hits you with a +0 short sword.
A gnoll opens the door.
A rat and a hobgoblin come into view. 😮 HP[-3]
You take 3 damage, and now have 18/24 hp.
You are too injured to fight recklessly!
You closely miss the kobold. You slash the ball python!
You kill the ball python!
The hobgoblin shouts!
A giant cockroach comes into view.
The kobold hits you but does no damage.
The giant cockroach waves its antennae.
A quokka comes into view.
Unknown command.
You are too injured to fight recklessly!
You hit the kobold but do no damage. You barely miss the gnoll.
The kobold hits you with a +0 short sword.
You block the gnoll's attack.
A hobgoblin comes into view.
The gnoll hits you with a +0 club.
* * * LOW HITPOINT WARNING * * *
You block the kobold's attack. 😨 HP[-7]
You take 7 damage, and now have 11/24 hp.
MASSIVE DAMAGE!! (PAUSE)
The hobgoblin shouts!
You hit the kobold but do no damage. You hit the gnoll but do no damage.
You hear a shout!
You block the kobold's attack. The gnoll hits you with a +0 club.
* * * LOW HITPOINT WARNING * * *
😨 HP[-4]
You take 4 damage, and now have 7/24 hp.
You are too injured to fight recklessly!
You feel very mighty all of a sudden.
The kobold hits you with a +0 short sword.
* * * LOW HITPOINT WARNING * * *
A kobold comes into view.
It is wielding a +0 whip of electrocution.
The gnoll barely misses you. 😱 HP[-1]
You take 1 damage, and now have 6/24 hp.
Unknown command.
You slash the kobold!
You kill the kobold!
You slash the gnoll!
You kill the gnoll!
The quokka bites you but does no damage.
Your Axes skill increases to level 3! 😨 HP[+1] Unknown command.
You barely miss the quokka. The quokka closely misses you.
The quokka bites you.
* * * LOW HITPOINT WARNING * * *
😱 HP[-3]
You take 3 damage, and now have 4/24 hp.
Unknown command.
You slash the quokka!
You kill the quokka!
You have reached level 3!
Your experience leads to an increase in your attributes!
Increase (S)trength, (I)ntelligence, or (D)exterity?
You feel stronger. x2 😱 HP[+1] MP[+1]
You now have 29 max hp (+5).
Your mp is fully restored (3).
You barely miss the hobgoblin. The rat bites you but does no damage.
The hobgoblin barely misses you. 😱 HP[+1]
You closely miss the rat. You slash the hobgoblin!
You kill the hobgoblin!
The rat bites you but does no damage.
You slash the rat!
You kill the rat!
The hobgoblin barely misses you.
You closely miss the hobgoblin.
You block the hobgoblin's attack. 😱 HP[+1]
You slash the hobgoblin!
You kill the hobgoblin!
The giant cockroach bites you but does no damage.
You barely miss the giant cockroach. You block the giant cockroach's attack.
You closely miss the giant cockroach. You block the giant cockroach's attack.
The giant cockroach bites you.
* * * LOW HITPOINT WARNING * * *
You barely miss the giant cockroach. The giant cockroach closely misses you.
The giant cockroach bites you but does no damage.
You slash the giant cockroach!
You kill the giant cockroach!
The kobold hits you but does no damage.
You are electrocuted!
Ouch! That really hurt!
You die...

Skill      XL: |  1  2 |
---------------+-------+-----
Axes           | 3 |  3.4
Fighting       | |  3.2
Armour         | |  3.2
Shields        | |  4.0

Action                   || total
-------------------------++-------
Melee: War axe           ||    32
  Use: Scroll            ||     3
       Potion            ||     1
Armor: Scale mail        ||    17
Dodge: Dodged            ||    17
Block: Buckler           ||     9

Levels and vault maps discovered:
D:1:      ncdulo_watergridlock, layout_rooms, minmay_box_of_dots

Notes
Turn   | Place    | Note
-------+----------+-------------------------------------------
     0 | D:1      | ytrimaz the Formicid Fighter began the quest for the Orb.
     0 | D:1      | Reached XP level 1. HP: 18/18 MP: 1/1
     0 | D:1      | magus.rc [v1.9.6]
    66 | D:1      | Reached XP level 2. HP: 24/24 MP: 2/2
   217 | D:1      | HP: 6/24 [kobold/+0 short sword (1)]
   219 | D:1      | Reached skill level 3 in Axes
   221 | D:1      | Reached XP level 3. HP: 5/29 MP: 3/3
   227 | D:1      | HP: 7/29 [giant cockroach (1)]
   229 | D:1      | Mangled by a kobold

Vanquished Creatures
  A gnoll (D:1)
  A ball python (D:1)
  2 endoplasms (D:1)
  A giant cockroach (D:1)
  3 hobgoblins (D:1)
  A quokka (D:1)
  A bat (D:1)
  2 goblins (D:1)
  A kobold (D:1)
  2 rats (D:1)
15 creatures vanquished.

Table legend:
 A = Non-vault XP
 B = Vault XP
 C = Vault XP percentage of total XP
 D = Non-vault monster count
 E = Vault monster count
 F = Vault count percentage of total count
                 A         B        C        D         E       F
            +---------+---------+-------+---------+---------+-------
      Total |      30 |       7 |  18.9 |      11 |       4 |  26.7
            +---------+---------+-------+---------+---------+-------
        D:1 |      30 |       7 |  18.9 |      11 |       4 |  26.7
            +---------+---------+-------+---------+---------+-------

Illustrated notes

Table legend:
 A = Kills in this place as a percentage of kills in entire the game.
 B = Kills by you in this place as a percentage of kills by you in the entire game.
 C = Kills by friends in this place as a percentage of kills by friends in the entire game.
 D = Other kills in this place as a percentage of other kills in the entire game.
 E = Experience gained in this place as a percentage of experience gained in the entire game.
 F = Experience gained in this place divided by the number of levels of this place that you have seen.
                   A       B       C       D       E      F
               +-------+-------+-------+-------+-------+----------------------
         Total | 100.0 | 100.0 |   N/A |   N/A | 100.0 |  37.0
       Dungeon | 100.0 | 100.0 |   N/A |   N/A | 100.0 |  37.0
               +-------+-------+-------+-------+-------+----------------------

Table legend: (Time is in decaauts)
 A = Elapsed time spent in this place.
 B = Non-inter-level travel time spent in this place.
 C = Inter-level travel time spent in this place.
 D = Time resting spent in this place.
 E = Time spent auto-exploring this place.
 F = Levels seen in this place.
 G = Mean time per level.
                   A        B        C        D        E       F      G
               +--------+--------+--------+--------+--------+-----+--------+
         Total |    241 |    241 |      0 |    100 |     58 |   1 |  241.0 |
       Dungeon |    241 |    241 |      0 |    100 |     58 |   1 |  241.0 |
               +--------+--------+--------+--------+--------+-----+--------+

Top non-repeatable levels by time:
     D:1: 241 daAuts
